[Event "*** Titled Tuesday Blitz"]
[Site "Chess.com"]
[Date "2020.02.04"]
[Round "1"]
[White "Sanan_Sjugirov"]
[Black "RojonR"]
[Result "1-0"]
[WhiteElo "2849"]
[BlackElo "2452"]
[TimeControl "180+2"]
[EndTime "9:08:37 PST"]
[Termination "Sanan_Sjugirov won by resignation"]

1. d4 Nf6 2. c4 e5 3. dxe5 Ng4 4. Bf4 g5 5. Bg3 Nc6 6. Nf3 Bg7 7. e3 Ngxe5 8.
Nxe5 Nxe5 9. Nc3 d6 10. Be2 Be6 11. Rc1 O-O 12. b3 f5 13. f3 Ng6 14. O-O Kh8 15. Bf2 Be5 16. Nb5 Qe7 17. Qc2 Qg7 18. c5 d5 19. c6 bxc6 20. Qxc6 Bd7 21. Qc5 c6 22. Nd4 Qh6 23. g3 f4 24. exf4 gxf4 25. Nxc6 fxg3 26. Bxg3 Bxg3 27. hxg3 Rac8 28. Qd4+ Kg8 29. Qxd5+ Rf7 30. Bc4 Qe3+ 31. Kg2 Rxc6 32. Qxf7+ Kh8 33. Rce1 Nh4+ 34. gxh4 Rg6+ 35. Qxg6 1-0

[Event "*** Titled Tuesday Blitz"]
[Site "Chess.com"]
[Date "2020.02.04"]
[Round "1"]
[White "platy3"]
[Black "Misha_Bilous"]
[Result "1-0"]
[WhiteElo "2904"]
[BlackElo "2498"]
[TimeControl "180+2"]
[EndTime "9:08:41 PST"]
[Termination "platy3 won by resignation"]

1. e4 c5 2. Nf3 d6 3. d4 cxd4 4. Nxd4 Nf6 5. Nc3 a6 6. h3 e5 7.
Nb3 h5 8. f4 Nbd7 9. a4 b6 10. g3 Bb7 11. Bg2 Rc8 12. Qe2 Be7 13.
O-O h4 14. g4 exf4 15. Bxf4 Ne5 16. Rad1 Qc7 17. Rf2 Qc4 18. Qe3 Qb4 19. Rd4 Rc4 20. Bxe5 dxe5 21. Rxc4 Qxc4 22. Qxb6 Qc6 23. Qxc6+ Bxc6 24. a5 O-O 25. Nd5 Bd8 26. Rd2 Nxd5 27. exd5 Ba4 28. Rd3 Bxb3 29. Rxb3 Bxa5 30. Kf1 Bc7 31. c4 Rb8 32. Rxb8+ Bxb8 33. c5 Kf8 34. b4 Ba7 35.
d6 Ke8 36. Bc6+ Kd8 37. Bd5 a5 38. c6 Bb6 39. c7+ Bxc7 40. dxc7+ Kxc7 41. bxa5 f6 42. Ke2 1-0

[Event "*** Titled Tuesday Blitz"]
[Site "Chess.com"]
[Date "2020.02.04"]
[Round "1"]
[White "GelmanAlexander"]
[Black "rpragchess"]
[Result "1-0"]
[WhiteElo "2458"]
[BlackElo "2814"]
[TimeControl "180+2"]
[EndTime "9:08:42 PST"]
[Termination "GelmanAlexander won by resignation"]

1. d4 Nf6 2. Nc3 d5 3. Bf4 e6 4.
Nb5 Na6 5. e3 c6 6. Nc3 Bb4 7.
Bxa6 bxa6 8. Ne2 O-O 9. a3 Be7 10.
O-O a5 11. Re1 Nh5 12. Na4 Nxf4 13. Nxf4 Rb8 14. Nd3 Bd6 15. Rb1 f6 16. f4 Bd7 17.
Nac5 Qc8 18. Qh5 Be8 19. Qh3 Bf7 20. c3 Bg6 21. e4 Re8 22. Rbd1 Bxc5 23. Nxc5 dxe4 24.
b4 f5 25. Qe3 Rb5 26. Rb1 axb4 27. axb4 Qc7 28. Na6 Qd6 29. Ra1 Rd8 30. Nc5 Ra8 31. Ra6 Qd5 32. Rea1 h6 33. Rxa7 Rxa7 34. Rxa7 Rb8 35.
h3 Qc4 36. Qg3 Kh7 37. Kh2 Rg8 38. Nd7 Bf7 39. Ne5 Qe2 40. Nxf7 e3 41. Ne5 Qh5 42. Qxe3 1-0

[Event "*** Titled Tuesday Blitz"]
[Site "Chess.com"]
[Date "2020.02.04"]
[Round "1"]
[White "Didici"]
[Black "Nalatac"]
[Result "1-0"]
[WhiteElo "2674"]
[BlackElo "2284"]
[TimeControl "180+2"]
[EndTime "9:08:42 PST"]
[Termination "Didici won on time"]

1. Nf3 d5 2. c4 c6 3. e3 Nf6 4. Nc3 e6 5. b3 Bd6 6. Bb2 O-O 7. Qc2 e5 8. cxd5 cxd5 9. Nb5 Nc6 10. Nxd6 Qxd6 11.
d4 Nb4 12. Qd1 e4 13. Ne5 Ne8 14. a3 f6 15. axb4 fxe5 16. Qd2 Be6 17. dxe5 Qd7 18. Be2 Nc7 19. f4 Bg4 20. Bf1 h5 21. h3 Bf5 22. g3 a6 23. Be2 Rad8 24. Bd4 Bxh3 25.
Bxh5 Bg4 26. Qh2 Bxh5 27. Qxh5 Qf5 28. Qxf5 Rxf5 29. g4 Rff8 30. f5 Nb5 31. Kd2 g6 32. e6 Nxd4 33. exd4 gxf5 34. gxf5 Rxf5 35. Rag1+ Kf8 36.
Rh8+ Ke7 37. Rg7+ Kxe6 38. Rxd8 Rf2+ 39. Ke1 Rb2 40. Rxb7 Rxb3 41. Rb6+ Kf5 42. Rxd5+ Kf4 43. Rh6 Rxb4 44. Rh4+ Ke3 45. Rh3+ Kf4 46. Ra5 Rb1+ 47. Kd2 Rb2+ 48. Kc3 Rb6 49. d5 1-0

[Event "*** Titled Tuesday Blitz"]
[Site "Chess.com"]
[Date "2020.02.04"]
[Round "1"]
[White "Me_ch_an"]
[Black "INDIAN-ELEPHANT"]
[Result "0-1"]
[WhiteElo "2341"]
[BlackElo "2725"]
[TimeControl "180+2"]
[EndTime "9:08:45 PST"]
[Termination "INDIAN-ELEPHANT won on time"]

1. e4 e5 2. Nf3 Nc6 3. Bb5 a6 4. Ba4 Nf6 5. Qe2 Bd6 6. c3 O-O 7.
O-O Re8 8. Rd1 b5 9. Bb3 Bf8 10. d3 h6 11. Nbd2 d5 12. Nf1 Be6 13. Ng3 g6 14. h3 Bg7 15. Nh2 Qe7 16. f4 dxe4 17. Nxe4 Nxe4 18. Qxe4 Qd6 19. Bxe6 Qxe6 20. Re1 Rad8 21.
Qf3 Qd6 22. f5 e4 23. dxe4 Ne5 24. Qe2 Nd3 25. Rf1 Qc5+ 26. Be3 Rxe4 27. Ng4 Qc4 28.
Qf3 h5 29. Nh6+ Kh7 30. fxg6+ fxg6 31. Nf7 Re7 32. Nxd8 Nxb2 33. Rae1 Bxc3 34. Rd1 Nxd1 35. Rxd1 Bb4 36. Nc6 Rf7 37. Qd5 Rf1+ 38. Kh2 Bd6+ 39.
g3 Qe2+ 40. Qg2 Qxd1 41. Nd4 h4 42. Ne2 hxg3+ 43. Nxg3 Re1 44. Bf2 Re2 45. Qf3 Bxg3+ 46. Kxg3 Qd6+ 47. Kg2 Qe6 48. Qg3 Qe4+ 49. Kf1 Rc2 0-1

[Event "*** Titled Tuesday Blitz"]
[Site "Chess.com"]
[Date "2020.02.04"]
[Round "1"]
[White "Quiet_Desperation"]
[Black "ChessLover0108"]
[Result "1-0"]
[WhiteElo "2425"]
[BlackElo "2746"]
[TimeControl "180+2"]
[EndTime "9:08:55 PST"]
[Termination "Quiet_Desperation won by resignation"]

1. e4 c5 2. Nf3 d6 3. d4 cxd4 4. Nxd4 Nf6 5. Nc3 a6 6. Bg5 Nbd7 7. f3 e6 8. Qd2 Be7 9. O-O-O Qc7 10. Be3 b5 11. g4 Ne5 12. Bd3 Bb7 13. Kb1 Rc8 14. g5 Nfd7 15. h4 Nxd3 16. cxd3 Nc5 17. h5 Rf8 18. Nce2 d5 19. e5 g6 20. f4 Kd7 21. Rc1 Qb8 22. Rc2 Na4 23. Rhc1 Rxc2 24.
Rxc2 Rc8 25. Nb3 Rxc2 26. Qxc2 gxh5 27. Ned4 Qg8 28. Na5 Ba8 29. Nab3 h4 30. Qh2 Qg6 31. Nc1 Qh5 32. Qh3 h6 33. f5 hxg5 34. fxe6+ fxe6 35. Qxe6+ Kd8 36. Nf5 Bb4 37. b3 d4 38. Bxd4 Nc3+ 39.
Bxc3 Bxc3 40. Qe7+ Kc8 41. Nd6+ Kb8 42. Qd8+ Ka7 43.
Qc7+ 1-0

[Event "*** Titled Tuesday Blitz"]
[Site "Chess.com"]
[Date "2020.02.04"]
[Round "1"]
[White "Manukyan_Artak"]
[Black "Leonid_Starozhilov"]
[Result "1/2-1/2"]
[WhiteElo "2339"]
[BlackElo "2704"]
[TimeControl "180+2"]
[EndTime "9:08:55 PST"]
[Termination "Game drawn by repetition"]

1. e4 g6 2. d4 Bg7 3. f4 d6 4. c4 Nf6 5. Nc3 O-O 6. e5 Nfd7 7. Nf3 c5 8. exd6 exd6 9. d5 Bxc3+ 10.
bxc3 f5 11. Be2 Nf6 12. O-O Ne4 13. Bd2 Nd7 14. Bd3 Ndf6 15. Ng5 Re8 16. Re1 Bd7 17. Qc2 Qe7 18. Re2 h6 19. Nh3 Qg7 20. Rae1 Re7 21. Nf2 Rae8 22. Bxe4 fxe4 23. Be3 h5 24. a4 Bc8 25. a5 Kh7 26. h3 h4 27. Nd1 Nh5 28. Rf2 Ng3 29. Bc1 Bf5 30. Ne3 Rf7 31. Ba3 Ref8 32. Bc1 Bc8 33. Nf1 g5 34. Nxg3 hxg3 35. Rfe2 gxf4 36. Qxe4+ Kg8 37. Qf3 Bf5 38. Re8 Bd7 39.
Rxf8+ Qxf8 40. Re4 Qg7 41. Rxf4 Re7 42. Re4 Rxe4 43. Qxe4 Qxc3 44. Qg6+ Kh8 45. Qh6+ Kg8 46. Qg6+ Kh8 47. Qh6+ Kg8 48. Qg6+ 1/2-1/2

[Event "*** Titled Tuesday Blitz"]
[Site "Chess.com"]
[Date "2020.02.04"]
[Round "1"]
[White "guillembaches"]
[Black "W_Amadeus"]
[Result "0-1"]
[WhiteElo "2370"]
[BlackElo "2743"]
[TimeControl "180+2"]
[EndTime "9:08:57 PST"]
[Termination "W_Amadeus won on time"]

1. e4 e5 2. Nf3 Nc6 3. Nc3 Nf6 4. d4 exd4 5. Nxd4 Bc5 6. Be3 Bb6 7. Qd2 O-O 8.
O-O-O Re8 9. f3 d5 10. Nxc6 bxc6 11. Bg5 h6 12. Be3 Qe7 13. Bxb6 axb6 14. Kb1 Be6 15. e5 Nd7 16. f4 b5 17. g4 Bxg4 18. Be2 Be6 19.
Bf3 Nb6 20. b3 Qa3 21. Qc1 Qa5 22. Qb2 Reb8 23. Be2 b4 24. Na4 Nxa4 25. bxa4 Qxa4 26. Rhg1 d4 27. f5 Qxa2+ 28. Qxa2 Bxa2+ 29. Kc1 c5 30. h4 Bd5 31. Kd2 Kh7 32. Bd3 c4 33. f6+ g6 34.
Be2 c5 35. h5 g5 36. Bg4 Be6 37. Bf3 Ra3 38. Be4+ Kh8 39. Ra1 Re3 0-1

[Event "*** Titled Tuesday Blitz"]
[Site "Chess.com"]
[Date "2020.02.04"]
[Round "1"]
[White "Andrei_Belozerov"]
[Black "LiemLe"]
[Result "1-0"]
[WhiteElo "2554"]
[BlackElo "2990"]
[TimeControl "180+2"]
[EndTime "9:08:59 PST"]
[Termination "Andrei_Belozerov won on time"]

1. e4 c5 2. Nf3 Nc6 3. d4 cxd4 4. Nxd4 Nf6 5. Nc3 e5 6. Ndb5 d6 7. Bg5 a6 8. Na3 b5 9. Nd5 Be7 10. Bxf6 Bxf6 11. c3 Bg5 12. Nc2 Rb8 13. Be2 O-O 14. O-O Be6 15. Qd3 Ne7 16. Ncb4 Bxd5 17. Nxd5 Nxd5 18.
Qxd5 Qc7 19. Rfd1 Rfd8 20. g3 g6 21. Kg2 Kg7 22. Rd3 a5 23. Rad1 Be7 24. Rf3 Bf6 25.
Bxb5 h5 26. a4 h4 27. Rdd3 hxg3 28. hxg3 Bg5 29. Bc4 Rb7 30. b3 Qd7 31. Kf1 Ra7 32. Ke2 Bf6 33. Kd1 Qh3 34. Kc2 Rdd7 35. Rde3 Qg2 36. Qd1 Bd8 37. Rd3 Bb6 38. Rd2 Rac7 39. Qe2 Rd8 40. Rfd3 Bc5 41. Qf3 Qh2 42. Rd5 Rh8 43.
Rxc5 dxc5 44. Rd6 Qh5 45. Qf6+ Kh7 46. Bxf7 Qe2+ 47. Rd2 Qxe4+ 48. Kb2 Rb8 49. f4 1-0

[Event "*** Titled Tuesday Blitz"]
[Site "Chess.com"]
[Date "2020.02.04"]
[Round "1"]
[White "Uih7I9kOKokUOhjUJ"]
[Black "pedromartinez91"]
[Result "1-0"]
[WhiteElo "2760"]
[BlackElo "2404"]
[TimeControl "180+2"]
[EndTime "9:09:02 PST"]
[Termination "Uih7I9kOKokUOhjUJ won by checkmate"]

1. d4 d5 2. c4 Bf5 3. cxd5 Bxb1 4. Qa4+ c6 5. Rxb1 Qxd5 6. e3 Nd7 7. Ne2 Nb6 8. Qc2 e5 9. Nc3 Bb4 10. Bd2 Bxc3 11. Bxc3 Nf6 12. dxe5 Qe4 13. Qd3 Rd8 14. Qxe4 Nxe4 15. Ba5 Rd5 16. Bb4 Rxe5 17. Be2 Nd5 18. Ba3 f5 19. O-O Nd2 20. Rbd1 Nxf1 21. Kxf1 Kf7 22. Bc4 Rhe8 23. Bd6 Re4 24. Bb3 Rd8 25. Bc5 Kg6 26. Bxa7 Rb4 27. Rd4 Ra8 28. Bc5 Rxd4 29. Bxd4 Nb4 30. a3 Nd5 31. Bc2 Ne7 32. Bc5 Ng8 33.
g4 Nh6 34. h3 Kf7 35. g5 Ng8 36. Bxf5 Ra5 37. b4 Rxa3 38. Bc8 b5 39. Bd7 Ne7 40. Kg2 Rb3 41. e4 Ng6 42. Bxc6 Nf4+ 43. Kh2 Kg6 44. Be3 Nd3 45. Be8# 1-0

[Event "*** Titled Tuesday Blitz"]
[Site "Chess.com"]
[Date "2020.02.04"]
[Round "1"]
[White "Zq1"]
[Black "FairChess_on_YouTube"]
[Result "1/2-1/2"]
[WhiteElo "2542"]
[BlackElo "3039"]
[TimeControl "180+2"]
[EndTime "9:09:07 PST"]
[Termination "Game drawn - insufficient material"]

1. d4 Nf6 2. c4 c5 3. Nf3 cxd4 4.
Nxd4 d5 5. cxd5 Nxd5 6. e4 Nb4 7. Bb5+ N8c6 8. Nxc6 Qxd1+ 9. Kxd1 bxc6 10. Bc4 e5 11. Be3 f5 12. a3 f4 13. Bd2 Ba6 14. Bxa6 Nxa6 15. b4 O-O-O 16. Ke2 c5 17. Rc1 Kb7 18. Nc3 Rd4 19. b5 Nc7 20. f3 Be7 21. Be1 Rhd8 22. Rc2 Rc4 23. Rac1 Ne6 24. Bf2 Nc7 25. a4 g5 26. a5 h5 27. h3 g4 28. hxg4 hxg4 29.
b6 axb6 30. axb6 gxf3+ 31. gxf3 Ne6 32. Nd5 Rxc2+ 33. Rxc2 Bd6 34. Ra2 Bb8 35. Kd3 Rh8 36.
Kc4 Rh2 37. Rb2 Ng5 38. Bd4 Rxb2 39. Bxb2 Nxf3 40. Kxc5 Nd2 41. Nc3 f3 42. Nd1 Nxe4+ 43. Kd5 Nf6+ 44. Ke6 Ng4 45. Kf5 f2 46. Nxf2 Nxf2 47.
Bxe5 Bxe5 48. Kxe5 Kxb6 1/2-1/2

[Event "*** Titled Tuesday Blitz"]
[Site "Chess.com"]
[Date "2020.02.04"]
[Round "1"]
[White "wonderfultime"]
[Black "Ginzburg_Yakov"]
[Result "1-0"]
[WhiteElo "2974"]
[BlackElo "2522"]
[TimeControl "180+2"]
[EndTime "9:09:10 PST"]
[Termination "wonderfultime won by resignation"]

1. d4 d5 2. Nf3 Nf6 3. Bf4 c6 4. e3 Bf5 5. c4 e6 6. Nc3 Qb6 7. Qb3 Nbd7 8. c5 Qxb3 9. axb3 a6 10. b4 Rc8 11. h3 h6 12. Be2 Be7 13. O-O O-O 14.
Nd2 Ne4 15. Nb3 Bd8 16. Na5 Bxa5 17. bxa5 Nd2 18. Rfd1 Nb3 19. Ra3 Bc2 20. Re1 e5 21.
dxe5 Nbxc5 22. b4 Nd3 23. Bxd3 Bxd3 24. Nxd5 cxd5 25. Rxd3 Nb8 26. Rxd5 Rc4 27. b5 axb5 28. Rxb5 Nc6 29. Ra1 Ra8 30. g4 g5 31. Bg3 Re4 32. Kg2 Rc4 33. Kf3 Rc3 34. Ra4 Kf8 35. h4 gxh4 36.
Bxh4 Re8 37. Bf6 Ra8 38. Rxb7 Kg8 39. a6 Rc5 40. a7 Nxe5+ 41. Bxe5 Rxe5 42. Rb8+ 1-0

[Event "*** Titled Tuesday Blitz"]
[Site "Chess.com"]
[Date "2020.02.04"]
[Round "1"]
[White "Kira170"]
[Black "Genghis_K"]
[Result "0-1"]
[WhiteElo "2500"]
[BlackElo "2912"]
[TimeControl "180+2"]
[EndTime "9:09:13 PST"]
[Termination "Genghis_K won by resignation"]

1. d4 Nf6 2. Nc3 g6 3. e4 d6 4.
Bg5 Bg7 5. Qd2 O-O 6. f4 c6 7. Bd3 b5 8. Nf3 Bg4 9. a4 b4 10. Ne2 c5 11. e5 c4 12. Bxc4 Ne4 13. Qe3 d5 14. Bd3 Nxg5 15. Nxg5 Nc6 16. O-O Qb6 17. Nf3 f6 18. Kh1 Bxf3 19. Rxf3 fxe5 20. fxe5 Rxf3 21.
Qxf3 e6 22. Qg4 Re8 23. h4 Ne7 24. h5 Rf8 25. hxg6 hxg6 26. a5 Qc6 27. Nf4 Nf5 28.
Nxg6 Rf7 29. Rf1 Ne3 30. Rxf7 Nxg4 31. Ne7+ Kxf7 32. Nxc6 b3 33. cxb3 Nf2+ 34. Kg1 Nxd3 35. Nxa7 Bh6 36. Nb5 Nb4 37. Kf1 Ke7 38. Ke2 Kd7 39.
g4 Kc6 40. Na7+ Kb7 41. Nb5 Nc6 42. Kd3 Nxa5 43. Nd6+ Kc7 44. b4 Nc4 45. b3 Nxd6 46. exd6+ Kxd6 47. b5 Kc7 48. Kc3 Kb6 49. Kb4 Bg5 50.
Ka4 Be7 51. b4 Bg5 0-1

[Event "*** Titled Tuesday Blitz"]
[Site "Chess.com"]
[Date "2020.02.04"]
[Round "1"]
[White "zurzan"]
[Black "Carnivoras"]
[Result "0-1"]
[WhiteElo "2003"]
[BlackElo "2549"]
[TimeControl "180+2"]
[EndTime "9:09:22 PST"]
[Termination "Carnivoras won by checkmate"]

1. f4 d5 2. Nf3 Nf6 3. g3 Bf5 4. Bg2 e6 5. d3 Nbd7 6. O-O Be7 7. Qe1 O-O 8. Nc3 c5 9. e4 Bg4 10. e5 Ne8 11. h3 Bxf3 12. Bxf3 Rb8 13. a4 b5 14.
axb5 Qc7 15. Kg2 d4 16. Ne4 Rxb5 17. c3 dxc3 18. bxc3 c4 19. d4 Nb6 20. Ba3 Nd5 21.
Bxe7 Qxe7 22. Nc5 Rb2+ 23. Rf2 Rxf2+ 24. Qxf2 Nxc3 25. Qb2 Nd5 26. Qa3 Nec7 27. Qxa7 Qd8 28. Rc1 Ne3+ 29. Kh1 Nb5 30. Qd7 Nxd4 31. Qxd8 Rxd8 32.
Be4 Rc8 33. Na4 f5 34. exf6 gxf6 35. Nc3 f5 36. Bb7 Rc7 37. Ba6 Nd5 38. Kg2 Nb3 39.
Rc2 Nb4 40. Bxc4 Rxc4 41. Re2 Rxc3 42. Rxe6 Nd4 43. Re8+ Kf7 44. Rb8 Rc2+ 45. Kf1 Nbc6 46. Rb7+ Kg6 47. g4 Rc3 48. gxf5+ Nxf5 49. Rb6 Nd4 50. h4 Rf3+ 51. Kg2 Rxf4 52. Rb7 Rf6 53. h5+ Kh6 54. Kg3 Rf5 55. Kg4 Rg5+ 56. Kf4 Rxh5 57. Kg4 Rf5 58. Rb1 Kg6 59. Rh1 h5+ 60. Kg3 Kg5 61. Kg2 h4 62. Rh3 Kg4 63. Rd3 Rf3 64.
Rd1 h3+ 65. Kh1 Ne2 66. Re1 Ng3+ 67. Kh2 Rf2+ 68. Kg1 Rg2# 0-1

[Event "*** Titled Tuesday Blitz"]
[Site "Chess.com"]
[Date "2020.02.04"]
[Round "1"]
[White "Harry_Rakkel"]
[Black "GadimbayliA"]
[Result "1-0"]
[WhiteElo "2535"]
[BlackElo "2938"]
[TimeControl "180+2"]
[EndTime "9:09:25 PST"]
[Termination "Harry_Rakkel won by resignation"]

1. d4 d5 2. c4 e5 3. dxe5 d4 4.
Nf3 Nc6 5. a3 Nge7 6. b4 Ng6 7.
Bb2 a5 8. bxa5 Nxa5 9. Bxd4 Nxc4 10. Qc1 Na5 11. Nbd2 Be7 12. e3 O-O 13. Be2 Nc6 14.
Bc3 Bg4 15. h3 Bf5 16. O-O Bd3 17. Bxd3 Qxd3 18. Rd1 Qb5 19. Qb2 Qa4 20. Rdb1 b6 21.
Bb4 Bxb4 22. axb4 Qb5 23. Rxa8 Rxa8 24. Qc3 h6 25. Ne4 Ngxe5 26. Nxe5 Nxe5 27. Qxc7 Qd3 28. Nc3 Nc4 29. Qc6 Ra3 30. Rd1 Qxc3 31. Qc8+ Kh7 32. Qf5+ g6 33. Qxf7+ Qg7 34. Qxc4 Ra7 35. Qe6 b5 36.
Qc6 Rb7 37. h4 h5 38. Qe4 Rf7 39. Rd5 Qa1+ 40. Kh2 Rxf2 41. Rxh5+ Kg7 42. Rxb5 Rf1 43. Qe7+ Kh6 44. Qg5+ Kg7 45. Rb7+ Kg8 46. Qxg6+ Kf8 47. Qd6+ Kg8 48. Qd8+ Rf8 49. Qd5+ 1-0

[Event "*** Titled Tuesday Blitz"]
[Site "Chess.com"]
[Date "2020.02.04"]
[Round "1"]
[White "crescentmoon2411"]
[Black "M1711"]
[Result "1-0"]
[WhiteElo "2970"]
[BlackElo "2517"]
[TimeControl "180+2"]
[EndTime "9:09:27 PST"]
[Termination "crescentmoon2411 won by resignation"]

1. d4 Nf6 2. Nf3 g6 3. c4 Bg7 4.
g3 O-O 5. Bg2 d5 6. cxd5 Nxd5 7.
O-O Nb6 8. Nc3 Nc6 9. e3 Re8 10. Nh4 e5 11. d5 Na5 12. e4 c6 13. dxc6 bxc6 14. Qxd8 Rxd8 15. b3 Ba6 16. Rd1 Rxd1+ 17. Nxd1 Rd8 18. Ne3 f6 19. Bf1 Bxf1 20. Kxf1 Bf8 21.
Nf3 Bc5 22. Ke2 Kf7 23. Bd2 Nb7 24. Rc1 Rc8 25. Nc4 Ke6 26. Na5 Nxa5 27. Bxa5 Nd7 28. Nd2 Bb6 29. Nc4 Rb8 30. Nxb6 axb6 31. Rxc6+ Kf7 32.
Bb4 b5 33. Rc7 Ke6 34. f4 f5 35. g4 Ra8 36. gxf5+ gxf5 37. exf5+ Kxf5 38. Rxd7 Rxa2+ 39. Kf3 Rb2 40. Bd2 Rxb3+ 41. Be3 exf4 42. Rf7+ Kg6 43. Rxf4 Rb1 44. Rg4+ Kf7 45. Rh4 Kg6 46. Bd2 Rb2 47. Rd4 Rb3+ 48. Kg4 h5+ 49. Kh4 Rb2 50. h3 Ra2 51. Bg5 Ra4 52. Rxa4 bxa4 53.
Bc1 1-0

[Event "*** Titled Tuesday Blitz"]
[Site "Chess.com"]
[Date "2020.02.04"]
[Round "1"]
[White "bhavesh1810"]
[Black "MiroMiljkovic"]
[Result "1-0"]
[WhiteElo "2089"]
[BlackElo "2540"]
[TimeControl "180+2"]
[EndTime "9:09:30 PST"]
[Termination "bhavesh1810 won by resignation"]

1. e4 c5 2. Nf3 e6 3. d4 cxd4 4. Nxd4 a6 5. c4 Qc7 6. Nc3 d6 7. Be3 Nf6 8. Be2 Be7 9. O-O O-O 10. f3 Nbd7 11. Qd2 b6 12. Rac1 Bb7 13. b3 Rac8 14. Rfd1 Qb8 15. Kh1 Rfd8 16. Bf1 d5 17. cxd5 exd5 18.
Nxd5 Nxd5 19. exd5 Rxc1 20. Rxc1 Nf6 21. Bf4 Bd6 22.
Bxd6 Qxd6 23. Nf5 Qf8 24. d6 g6 25. Qg5 Nh5 26. Ne7+ Kg7 27. Qe5+ f6 28. Qe6 Qf7 29. Qxf7+ Kxf7 30. Rc7 Ke6 31. Rxb7 Rxd6 32. g3 f5 33. Nc8 Rd1 34. Kg1 b5 35. Rxh7 Nf6 36. Ra7 Nd5 37. Rxa6+ Ke5 38. Rd6 Rc1 39. Rd8 Ne3 40.
Re8+ Kd4 41. Rxe3 Kxe3 42. Nd6 b4 43. f4 Rc2 44. Nc4+ Kd4 45. Ne5 Rxa2 46. Nxg6 Rc2 47.
Ne5 Rc1 48. h4 Rb1 49. h5 Rxb3 50. Kg2 Rc3 51. h6 b3 52. h7 Rc8 53. Bd3 Rf8 54.
Bxf5 b2 55. Bb1 Kc3 56. Ng6 Rd8 57. h8=Q+ 1-0

[Event "*** Titled Tuesday Blitz"]
[Site "Chess.com"]
[Date "2020.02.04"]
[Round "1"]
[White "petrpalachev"]
[Black "ChadBiryani"]
[Result "1/2-1/2"]
[WhiteElo "2669"]
[BlackElo "2300"]
[TimeControl "180+2"]
[EndTime "9:09:32 PST"]
[Termination "Game drawn by repetition"]

1. d4 f5 2. c4 e6 3. g3 Nf6 4.
Bg2 Be7 5. Nf3 O-O 6. O-O d6 7. Nc3 Ne4 8. Nxe4 fxe4 9. Nd2 d5 10. f3 Nc6 11. e3 exf3 12. Rxf3 Bf6 13. Qb3 Na5 14. Qc3 c6 15. b4 Nxc4 16. Nxc4 dxc4 17. Qxc4 Kh8 18. Bb2 Qe8 19. Raf1 Bd7 20. e4 Qe7 21. e5 Bg5 22. h4 Bh6 23. a3 Rxf3 24. Rxf3 Rf8 25.
Qf1 Kg8 26. Kh2 Be8 27. Bc3 Bh5 28. Rxf8+ Qxf8 29. Qxf8+ Kxf8 30. b5 cxb5 31. Bxb7 Be3 32. Bc6 Be2 33. Bb4+ Kf7 34. Bc5 a5 35. Kg2 h6 36.
Bd7 g5 37. hxg5 hxg5 38. Bb6 b4 39. Bxa5 bxa3 40. Bc3 a2 41. Ba4 g4 42. Bb3 Bf3+ 43.
Kh2 Bd5 44. Bc2 Ke7 45. Bd3 Kd7 46. Be2 Bf3 47. Bc4 Bd5 48. Be2 Bf3 49. Bc4 Bd5 50.
Be2 1/2-1/2

[Event "*** Titled Tuesday Blitz"]
[Site "Chess.com"]
[Date "2020.02.04"]
[Round "1"]
[White "NiranjanNavalgund"]
[Black "GMHess"]
[Result "0-1"]
[WhiteElo "2389"]
[BlackElo "2754"]
[TimeControl "180+2"]
[EndTime "9:09:34 PST"]
[Termination "GMHess won by resignation"]

1. e4 g6 2. d4 Bg7 3. Nf3 c6 4.
Nc3 d6 5. h3 b5 6. a3 Nd7 7. Bd3 e5 8. dxe5 dxe5 9. Be3 Qe7 10. Qd2 Ngf6 11. Bh6 O-O 12. h4 Nh5 13. Bxg7 Kxg7 14.
Ne2 Nc5 15. Qc3 f6 16. O-O-O Bg4 17. Ng3 Nf4 18. Bf1 a5 19. h5 b4 20. Qe3 Nce6 21. hxg6 hxg6 22. Nh4 bxa3 23. bxa3 Qc5 24. Rd7+ Rf7 25.
Rxf7+ Kxf7 26. Qxc5 Nxc5 27. Bc4+ Kg7 28. f3 Be6 29. Bxe6 Ncxe6 30. Nf1 Rh8 31. g3 Ne2+ 32. Kd2 N2d4 33. c3 Nxf3+ 34. Ke3 Nxh4 35. gxh4 Nf4 36.
Ng3 Rd8 37. h5 Rd3+ 38. Kf2 Rxc3 39. h6+ Kh7 40. a4 Rc2+ 41. Kf3 Rc3+ 42. Kf2 Ra3 43. Rd1 Kxh6 44. Rd6 Kg5 45. Rxc6 Rxa4 46. Ra6 Kg4 47. Nf1 Ra2+ 48. Ke1 Ra1+ 49. Kf2 Ra2+ 50.
Ke1 Nh5 51. Nd2 a4 52. Ra8 Nf4 53. Rf8 f5 54. Re8 fxe4 55. Nf1 Nd3+ 56. Kd1 Ra1+ 57.
Ke2 Re1+ 58. Kd2 Rxf1 59. Ke3 a3 60. Ra8 Re1+ 61. Kd2 Ra1 62. Ke3 a2 63. Rxa2 Rxa2 0-1

[Event "*** Titled Tuesday Blitz"]
[Site "Chess.com"]
[Date "2020.02.04"]
[Round "1"]
[White "BvsN"]
[Black "EugeneRougon"]
[Result "0-1"]
[WhiteElo "2368"]
[BlackElo "2738"]
[TimeControl "180+2"]
[EndTime "9:09:34 PST"]
[Termination "EugeneRougon won by resignation"]

1. d4 d5 2. Nf3 Nf6 3. e3 c5 4. dxc5 e6 5. b4 a5 6. c3 axb4 7.
cxb4 b6 8. Bb5+ Bd7 9. Bxd7+ Nbxd7 10. a4 bxc5 11. b5 Bd6 12. O-O O-O 13. Nbd2 Qc7 14.
Bb2 c4 15. Qc2 h6 16. h3 Rfc8 17. Bc3 e5 18. a5 Nc5 19. Rfb1 Nd3 20. b6 Qb7 21. Qa4 Ra6 22. Ne1 Nxe1 23. Rxe1 Rca8 24. Red1 Rxb6 25. axb6 Rxa4 26. Rxa4 Qxb6 27. Rb1 Qc6 28. Ra7 Bc5 29. Rb8+ Kh7 30. Rxf7 d4 31. exd4 exd4 32. Ba1 c3 33. Nb3 c2 34. Rbb7 Ne8 35. Bb2 Qd5 36.
Nc1 Qe5 37. Nd3 Qd5 38. Nc1 h5 39. Nd3 h4 40. f3 Qc4 41. Nf4 d3+ 42. Kh2 Bd4 43. Bc1 Be5 44. Rf8 Qd4 45. Re7 d2 46. Rexe8 Bxf4+ 47. g3 Qf2+ 48. Kh1 dxc1=Q+ 0-1

[Event "*** Titled Tuesday Blitz"]
[Site "Chess.com"]
[Date "2020.02.04"]
[Round "1"]
[White "Coiote53"]
[Black "SergioGarciaFuentes"]
[Result "1-0"]
[WhiteElo "2600"]
[BlackElo "2160"]
[TimeControl "180+2"]
[EndTime "9:09:42 PST"]
[Termination "Coiote53 won by resignation"]

1. e4 c5 2. Nf3 e6 3. Nc3 a6 4. d4 cxd4 5. Nxd4 Nc6 6. Be3 Nf6 7.
f3 Bb4 8. Qd2 d5 9. a3 Qa5 10.
Nb3 Bxc3 11. Nxa5 Bxd2+ 12. Bxd2 dxe4 13. Nxc6 bxc6 14. Bb4 exf3 15. gxf3 c5 16. Bxc5 Bb7 17. Be2 Rc8 18. b4 Nd7 19. Bd6 Rxc2 20. Rg1 g6 21. Rg5 e5 22. Bxe5 f6 23. Bd4 O-O 24. Rg2 Re8 25.
Kf1 Ne5 26. Rd1 Rxe2 27. Rxe2 Bxf3 28. Bxe5 Bxe2+ 29. Kxe2 Rxe5+ 30. Kf3 a5 31. Rb1 axb4 32. axb4 Rb5 33. Ke4 f5+ 34. Kd4 Kf7 35. Kc4 Rb8 36. Kc5 Kf6 37. b5 f4 38. Kc6 g5 39. Kc7 Re8 40. b6 f3 41. b7 Re7+ 42. Kd6 Rxb7 43. Rxb7 Kf5 44. Rxh7 g4 45. Kd5 Kf4 46. Kd4 g3 47. Rh4+ Kg5 48. hxg3 1-0

[Event "*** Titled Tuesday Blitz"]
[Site "Chess.com"]
[Date "2020.02.04"]
[Round "1"]
[White "Hadza_3"]
[Black "TrimitziosP7"]
[Result "0-1"]
[WhiteElo "2405"]
[BlackElo "2768"]
[TimeControl "180+2"]
[EndTime "9:09:43 PST"]
[Termination "TrimitziosP7 won by resignation"]

1. e4 e5 2. Nc3 Nc6 3. f4 exf4 4.
Nf3 Bb4 5. Bc4 Nge7 6. O-O O-O 7. d4 Ng6 8. Ne2 Nce7 9. c3 Ba5 10. Nxf4 Nxf4 11. Bxf4 d5 12. Bd3 c6 13. e5 Ng6 14. Bg5 Qe8 15. Qd2 Bd8 16. Rae1 Be6 17. Qf2 Be7 18. Bxg6 fxg6 19. Qh4 Rf7 20. Bxe7 Qxe7 21.
Qxe7 Rxe7 22. h3 h6 23. b4 Bf5 24. Nd2 Ree8 25. a4 a5 26. Ra1 Bd3 27. Rfc1 b6 28. bxa5 Rxa5 29. Nb3 Ra7 30. a5 bxa5 31. Rxa5 Rea8 32.
Rca1 Rxa5 33. Rxa5 Rb8 34. Nc5 Bf5 35. Ra6 Rc8 36.
Ra7 h5 37. h4 Kh7 38. Kf2 Kh6 39. Ke3 Bg4 40. e6 Re8 41. e7 g5 42. hxg5+ Kxg5 43.
Nd3 Kf6 44. Ne5 Rxe7 45. Rxe7 Kxe7 46. Nxc6+ Kf6 47. Ne5 Be6 48. Nd3 g5 49. Nc5 Bf7 50. Nd3 Kf5 51. Nf2 h4 52. Kf3 Bh5+ 53. Ke3 g4 54. Nh1 g3 55. Kd3 Bf3 56. Nxg3+ hxg3 57. Ke3 Bxg2 58. c4 dxc4 0-1

[Event "*** Titled Tuesday Blitz"]
[Site "Chess.com"]
[Date "2020.02.04"]
[Round "1"]
[White "AwareIdea"]
[Black "artooon"]
[Result "0-1"]
[WhiteElo "2431"]
[BlackElo "2822"]
[TimeControl "180+2"]
[EndTime "9:09:46 PST"]
[Termination "artooon won by resignation"]

1. d4 Nf6 2. c4 e6 3. g3 d5 4. Bg2 Be7 5. Nf3 O-O 6. Nc3 dxc4 7. Ne5 Nc6 8. Bxc6 bxc6 9. Nxc6 Qe8 10. Nxe7+ Qxe7 11. Qa4 e5 12. dxe5 Qxe5 13. Qxc4 Qh5 14. f3 Qh3 15. Kf2 Be6 16. Qh4 Qf5 17. Qf4 Qc2 18.
Qd2 Qf5 19. Qf4 Qa5 20. b4 Qa6 21. Be3 Rfe8 22. a3 Bc4 23. Rhe1 c6 24. Bd4 Nd5 25. Nxd5 cxd5 26. Qd2 Re6 27. e3 Rh6 28. h4 Re6 29. a4 Qc8 30. b5 Qd7 31. Rac1 Ree8 32. Bxg7 Qh3 33. Rh1 Qf5 34. Bd4 h5 35. g4 hxg4 36. f4 Qe4 37. Qd1 f5 38. Kg3 Kh7 39. Rh2 Qe6 40. Qc2 Rec8 41. h5 Bxb5 42. Qd2 Rxc1 43. Qxc1 Rc8 44. Qd2 Qe4 45. Kh4 g3 46. Rg2 Rg8 47. axb5 Rg4+ 48. Kh3 Qe7 49. Rf2 Qh4+ 50. Kg2 gxf2+ 0-1